 Dungeon Crawl Stone Soup version 0.16-a0-3749-g20dbed2 (webtiles) character file.

1816 MDvedh the Grappler (level 8, -7/68 HPs)
             Began as a Troll Transmuter on Jan 23, 2015.
             Was an Initiate of Ru.
             Mangled by an orc warrior
             ... wielding a +0 short sword
             ... summoned by a shadow trap
             ... triggered by the player character
              (17 damage)
             ... on level 6 of the Dungeon.
             The game lasted 00:15:32 (4567 turns).

MDvedh the Grappler (Troll Transmuter)              Turns: 4567, Time: 00:15:33

Health: -7/68      AC:  6    Str: 24    XL:     8   Next: 85%
Magic:  6/6        EV: 10    Int:  9    God:    Ru [......]
Gold:   346        SH:  0    Dex: 12    Spells: 1 memorised, 8 levels left

rFire  . . .     SeeInvis .       - Unarmed
rCold  . . .     Clarity  .     c - +1 robe
rNeg   . . .     SustAb   .     (shield restricted)
rPois  .         Gourm    +     (helmet restricted)
rElec  .         Spirit   .     (no cloak)
rCorr  .         Warding  .     (gloves unavailable)
rMut   .         Stasis   .     (boots unavailable)
MR     .....                    (no amulet)
Stlth  +.........               (no ring)
                                (no ring)

@: mighty, not resistant to hostile enchantments, very unstealthy
A: unfitting armour, claws 3, fast metabolism 3, gourmand, regeneration 2,
shaggy fur 1, tough skin 2
a: Renounce Religion


You were on level 6 of the Dungeon.
You worshipped Ru.
Ru was noncommittal.
You were full.

You visited 2 branches of the dungeon, and saw 7 of its levels.

You collected 346 gold pieces.

Inventory:

Missiles
 b - 55 arrows
 l - 9 arrows of frost
 B - 19 arrows of flame
Armour
 c - a +1 robe (worn)
Magical devices
 m - a wand of lightning (7)
 u - a wand of flame (48)
 y - a wand of draining (1)
Scrolls
 e - a scroll of recharging
 g - a scroll of enchant armour
 j - 2 scrolls of teleportation
 k - a scroll of identify
 p - 2 scrolls of noise
 r - 4 scrolls of remove curse
Potions
 f - a potion of might
 h - 2 potions of flight
 n - a potion of magic {unknown}
 q - 2 potions of curing {unknown}
 w - a potion of invisibility {unknown}
 x - 2 potions of heal wounds {unknown}
 z - a potion of degeneration {unknown}
 A - a potion of lignification {unknown}
Books
 d - a book of Changes

   Spells                             Type                      Level
   a - Beastly Appendage              Transmutation                1
   b - Sticks to Snakes               Transmutation                2
   c - Spider Form                    Transmutation/Poison         3
   d - Ice Form                       Ice/Transmutation            4
   e - Blade Hands                    Transmutation                5
 i - a book of Debilitation

   Spells                             Type                      Level
   a - Corona                         Hexes                        1
   b - Slow                           Hexes                        2
   c - Inner Flame                    Hexes/Fire                   3
   d - Enslavement                    Hexes                        4
   e - Cause Fear                     Hexes                        4
   f - Leda's Liquefaction            Hexes/Earth                  4
 t - a book of Cantrips

   Spells                             Type                      Level
   a - Corona                         Hexes                        1
   b - Animate Skeleton               Necromancy                   1
   c - Summon Small Mammal            Summoning                    1
   d - Apportation                    Translocation                1
Comestibles
 a - 3 meat rations
 o - 3 bread rations
 s - 5 fruits


   Skills:
 - Level 0.7 Fighting
 - Level 1.5 Dodging
 + Level 10.2 Unarmed Combat
 - Level 1.2 Spellcasting
 + Level 4.6 Transmutations


You had 8 spell levels left.
You knew the following spells:

 Your Spells              Type           Power        Failure   Level  Hunger
a - Beastly Appendage     Trmt           #.....       8%          1    ##.....


Dungeon Overview and Level Annotations

Branches:
Dungeon (6/15)             Temple (1/1) D:5

Altars:
Ashenzari
Dithmenos
Elyvilon
Gozag
Kikubaaqudgha
Makhleb
Nemelex Xobeh
Okawaru
Qazlal
Ru
Trog
Xom
The Shining One

Annotations:
D:2 Sigmund


Innate Abilities, Weirdness & Mutations

You are too large for most types of armour.
You have claws for hands.
Your metabolism is lightning-fast.
You like to eat raw meat.
You heal very quickly.
You are covered in fur (AC +1).
You have very tough skin (AC +2).


Message History

* * * LOW HITPOINT WARNING * * *
You are too injured to fight recklessly!
You are too injured to fight recklessly!
You are too injured to fight recklessly!
You are too injured to fight recklessly!
You are too injured to fight recklessly!
Drink which item? (? for menu, Esc to quit)
You feel very mighty all of a sudden.
The orc warrior hits you with a short sword.
* * * LOW HITPOINT WARNING * * *
You scratch the orc warrior.
The orc warrior is severely wounded.
The orc warrior hits you with a short sword.
* * * LOW HITPOINT WARNING * * *
You closely miss the orc warrior.
The orc warrior is severely wounded.
You scratch the orc warrior.
The orc warrior is almost dead.
The orc warrior hits you with a short sword!
You die...

#o####.###.# #.####.#
#.# #......# #.#
#.o##### #.# #..# #.#
#..#######.#
#..........#
###########o#########
.........@oo#
#############


You could see an orc warrior (bleeding) and 2 orcs.

Vanquished Creatures
  The ghost of afd the Gusty, an experienced VSAE of Sif Muna (D:5)
  An orc warrior (D:6)
  2 phantoms
  2 centaurs (D:6)
  3 ogres
  A giant frog (D:6)
  2 scorpions
  A goliath beetle (D:6)
  A crimson imp (D:6)
  3 hounds
  A giant frog zombie (D:6)
  2 orc priests
  A jelly (D:5)
  5 orc wizards
  2 worker ants (D:4)
  A hound zombie (D:5)
  Robin (D:4)
  10 adders
  6 gnolls (D:4)
  2 giant mites
  A shadow imp (D:6)
  2 worms
  3 giant geckos
  An ooze (D:5)
  28 orcs
  2 ball pythons
  9 bats
  2 bat skeletons (D:5)
  11 hobgoblins
  A quokka (D:6)
  A ball python skeleton (D:4)
  10 giant cockroaches
  11 giant newts
  19 goblins
  15 kobolds
  A quokka skeleton (D:4)
  12 rats
177 creatures vanquished.

Vanquished Creatures (others)
  A bat (D:3)
  A kobold (D:3)
  A rat (D:3)
3 creatures vanquished.

Grand Total: 180 creatures vanquished

Notes
Turn   | Place    | Note
--------------------------------------------------------------
     0 | D:1      | MDvedh, the Troll Transmuter, began the quest for the Orb.
     0 | D:1      | Reached XP level 1. HP: 18/18 MP: 2/2
   262 | D:1      | Reached XP level 2. HP: 24/26 MP: 2/2
   531 | D:1      | Reached skill level 4 in Unarmed Combat
   710 | D:2      | Reached XP level 3. HP: 25/32 MP: 3/3
   785 | D:2      | Found a shimmering altar of Xom.
   787 | D:2      | Reached XP level 4. HP: 32/40 MP: 4/4
   794 | D:2      | Found a sparkling altar of Nemelex Xobeh.
   796 | D:2      | Found an ancient bone altar of Kikubaaqudgha.
   839 | D:2      | Reached skill level 5 in Unarmed Combat
   905 | D:2      | Noticed Sigmund
  1557 | D:3      | Found a stormy altar of Qazlal.
  1582 | D:3      | Reached XP level 5. HP: 28/46 MP: 4/4
  1584 | D:3      | Reached skill level 6 in Unarmed Combat
  1760 | D:3      | Noticed a phantom
  1783 | D:3      | Killed a phantom
  1783 | D:3      | Reached XP level 6. HP: 37/54 MP: 5/5
  1830 | D:4      | Noticed Robin
  1848 | D:4      | Reached skill level 7 in Unarmed Combat
  1862 | D:4      | Killed Robin
  2278 | D:4      | Reached skill level 8 in Unarmed Combat
  2411 | D:4      | Reached XP level 7. HP: 56/61 MP: 5/5
  3011 | D:4      | Found a bloodstained altar of Trog.
  3037 | D:5      | Entered Level 5 of the Dungeon
  3066 | D:5      | Noticed afd's ghost (experienced VSAE)
  3082 | D:5      | Killed afd's ghost
  3082 | D:5      | Reached skill level 9 in Unarmed Combat
  3270 | D:5      | Reached XP level 8. HP: 68/68 MP: 6/6
  3788 | D:5      | Found a staircase to the Ecumenical Temple.
  3854 | Temple   | Entered the Ecumenical Temple
  3879 | Temple   | Became a worshipper of Ru the Awakened
  4258 | D:6      | Reached skill level 10 in Unarmed Combat
  4567 | D:6      | Mangled by an orc warrior

Action                   |  1- 3 |  4- 6 |  7- 9 || total
-------------------------+-------+-------+-------++-------
Melee: Unarmed           |    93 |   191 |   220 ||   504
 Cast: Beastly Appendage |       |       |     3 ||     3
Evoke: Wand              |       |     4 |       ||     4
  Use: Scroll            |       |    13 |     1 ||    14
       Potion            |       |       |     1 ||     1
 Stab: Sleeping          |       |     1 |       ||     1
  Eat: Chunk             |    11 |    12 |    16 ||    39
       Meat ration       |       |       |     1 ||     1
